 Dungeon Crawl Stone Soup version 0.18.1-50-g88ac8fd (webtiles) character file.

95 Drunkenshrew the Skirmisher (level 4, -4/40 HPs)
             Began as a Draconian Skald on Oct 2, 2016.
             Slain by Natasha (8 damage)
             ... on level 2 of the Dungeon.
             The game lasted 00:04:31 (1354 turns).

Drunkenshrew the Skirmisher (Draconian Skald)       Turns: 1354, Time: 00:04:37

Health: -4/40      AC:  5    Str: 15    XL:     4   Next: 39%
Magic:  4/7        EV: 12    Int: 13    God:
Gold:   63         SH:  0    Dex: 10    Spells: 1 memorised, 6 levels left

rFire  . . .     SeeInvis .     a - +0 hand axe
rCold  . . .     Gourm    .     (armour unavailable)
rNeg   . . .     Faith    .     (no shield)
rPois  .         Spirit   .     (helmet restricted)
rElec  .         Dismiss  .     (no cloak)
rCorr  .         Reflect  .     (no gloves)
SustAt .         Harm     .     (no boots)
MR     .....                    (no amulet)
Stlth  +.........               (no ring)
                                (no ring)

@: lethally poisoned (-4 -> -7), infused (expiring), not resistant to hostile
enchantments, very unstealthy
A: unfitting armour, cold-blooded, AC +5
a: no special abilities


You were on level 2 of the Dungeon.
You were not hungry.

You visited 1 branch of the dungeon, and saw 2 of its levels.

You collected 63 gold pieces.

Inventory:

Hand Weapons
 a - a +0 hand axe (weapon)
Scrolls
 d - 4 scrolls of remove curse
Books
 b - a book of Battle

   Spells                             Type                      Level
   a - Infusion                       Charms                       1
   b - Shroud of Golubria             Charms/Translocation         2
   c - Song of Slaying                Charms                       2
   d - Spectral Weapon                Hexes/Charms                 3
   e - Regeneration                   Charms/Necromancy            3
Comestibles
 c - 2 bread rations
 f - 2 chunks of flesh
 g - a meat ration
 h - a beef jerky


   Skills:
 - Level 4.0 Fighting
 + Level 2.4 Axes
 - Level 2.0 Dodging
 - Level 2.3 Spellcasting
 - Level 3.0 Charms


You had 6 spell levels left.
You knew the following spells:

 Your Spells              Type           Power        Failure   Level  Hunger
a - Infusion              Chrm           #...         10%         1    #......


Dungeon Overview and Level Annotations

Branches:
Dungeon (2/15)

Altars:

Annotations:
D:2 Natasha


Innate Abilities, Weirdness & Mutations

Your plain brown scales are hard (AC +5).
Your body does not fit into most forms of armour.
You are cold-blooded and may be slowed by cold attacks.


Message History

As you read the scroll labeled TAXAENOJIU, it crumbles to dust.
It is a scroll of amnesia.
Forget which spell ([?*] list [ESC] exit)?
Forget which spell ([?*] list [ESC] exit)?
You don't know that spell.
Forget which spell ([?*] list [ESC] exit)?
Okay, then.
Your magical infusion is running out.
You feel sick. Natasha closely misses you. The adder closely misses you.
Read which item? (? for menu, Esc to quit)
As you read the scroll labeled SIYRISITIL, it crumbles to dust.
It is a scroll of identify.
Identify which item? (\ to view known items) (? for menu, Esc to quit)
d - 4 scrolls of remove curse The adder bites you.
* * * LOW HITPOINT WARNING * * *
Natasha wildly gestures.
Natasha's fingertips start to glow.
Natasha claws you!
You die...

#. #.# ##.##
#.###.####†##
#.................
.#####.........#####.
............####
.#.###.#.##.# ##.
#....##.#
.....##....## #
......S@h...#
.................
..(..............
.....#....###.##.
.....#....# ... .###
#..### ... #..# ..
#!.#


You could see Natasha and an adder.

Vanquished Creatures
  Natasha (D:2)
  2 worms (D:2)
  3 dart slugs (D:1)
  2 giant geckos
  2 ball pythons
  2 giant cockroaches
  4 goblins
  3 hobgoblins
  11 jackals
  7 bats (D:1)
  2 giant newts (D:1)
  7 kobolds
  5 rats
51 creatures vanquished.

Notes
Turn   | Place    | Note
--------------------------------------------------------------
     0 | D:1      | Drunkenshrew the Draconian Skald began the quest for the Orb.
     0 | D:1      | Reached XP level 1. HP: 17/17 MP: 3/3
   140 | D:1      | Reached XP level 2. HP: 20/25 MP: 0/5
   454 | D:1      | Reached XP level 3. HP: 7/30 MP: 0/6
  1000 | D:2      | Noticed Natasha
  1010 | D:2      | Killed Natasha
  1010 | D:2      | Reached skill level 3 in Fighting
  1010 | D:2      | Reached XP level 4. HP: 29/38 MP: 2/7
  1313 | D:2      | Reached skill level 4 in Fighting
  1345 | D:2      | Noticed Natasha
  1354 | D:2      | Slain by Natasha

Skill      XL: |  1  2  3  4 |
---------------+-------------+-----
Dodging        | 2 |  2.0
Charms         | 3 |  3.0
Fighting       | 3 4 |  4.0
Axes           | |  2.4
Spellcasting   | |  2.3

Action                   |  1- 3 |  4- 6 || total
-------------------------+-------+-------++-------
Melee: Hand axe          |   119 |    56 ||   175
       Tailslap          |     9 |     8 ||    17
 Cast: Infusion          |     4 |     4 ||     8
  Use: Scroll            |       |     2 ||     2
  Eat: Chunk             |       |     2 ||     2
Armor: Skin              |    48 |    10 ||    58
Dodge: Dodged            |    88 |    34 ||   122
